 Dungeon Crawl Stone Soup version 0.17.1-1-g73c8601 (webtiles) character file.

16 ketsa the Insei (level 2, 0/21 HPs)
             Began as a Merfolk Transmuter on Dec 19, 2015.
             Slain by a gnoll
             ... wielding a +0 spear
              (2 damage)
             ... on level 1 of the Dungeon.
             The game lasted 00:01:56 (839 turns).

ketsa the Insei (Merfolk Transmuter)                 Turns: 839, Time: 00:01:57

Health: 0/21       AC:  2    Str: 10    XL:     2   Next: 54%
Magic:  4/5        EV: 13    Int: 12    God:
Gold:   45         SH:  0    Dex: 14    Spells: 1 memorised, 4 levels left

rFire  . . .     SeeInvis .       - Unarmed
rCold  . . .     Clarity  .     b - +0 robe
rNeg   . . .     SustAt   .     (no shield)
rPois  .         Gourm    .     (no helmet)
rElec  .         Spirit   .     (no cloak)
rCorr  .         Warding  .     (no gloves)
rMut   .         Stasis   .     (no boots)
MR     .....                    (no amulet)
Stlth  +.........               (no ring)
                                (no ring)

@: appendage (expiring), not resistant to hostile enchantments, very unstealthy
A: change form in water, swift swim, horns 2
a: End Transformation


You were on level 1 of the Dungeon.
You were not hungry.
You had grown temporary horns.
You visited 1 branch of the dungeon, and saw 1 of its levels.

You collected 45 gold pieces.

Inventory:

Missiles
 a - 12 arrows
 l - 33 stones (quivered)
Armour
 b - a +0 robe (worn)
 h - a +0 leather armour
 q - a +2 chain mail of fire resistance
Jewellery
 g - an uncursed ring of protection from cold {unknown}
Wands
 t - a wand of flame (32)
Scrolls
 e - a scroll of fog {unknown}
 f - a scroll of enchant armour {unknown}
 n - a scroll of enchant weapon {unknown}
 r - 2 scrolls of teleportation {unknown}
Potions
 k - a potion of flight {unknown}
 m - a potion of degeneration {unknown}
 o - 2 potions of brilliance {unknown}
 p - a potion of lignification {unknown}
Books
 c - a book of Changes

   Spells                             Type                      Level
   a - Beastly Appendage              Transmutation                1
   b - Sticks to Snakes               Transmutation                2
   c - Spider Form                    Transmutation/Poison         3
   d - Ice Form                       Ice/Transmutation            4
   e - Blade Hands                    Transmutation                5
Comestibles
 d - 2 bread rations
 i - a meat ration
 j - a beef jerky
 s - a slice of pizza
 u - a chunk of flesh


   Skills:
 + Level 1.5 Fighting
 + Level 3.0 Dodging
 + Level 3.3 Unarmed Combat
 + Level 2.2 Spellcasting
 + Level 3.1 Transmutations


You had 4 spell levels left.
You knew the following spells:

 Your Spells              Type           Power        Failure   Level  Hunger
a - Beastly Appendage     Trmt           #.....       10%         1    ##.....


Dungeon Overview and Level Annotations

Branches:
Dungeon (1/15)

Altars:


Innate Abilities, Weirdness & Mutations

You revert to your normal form in water.
You are very nimble and swift while swimming.
You have a pair of horns on your head.


Message History

You barely miss the gnoll.
The gnoll is lightly wounded.
The gnoll misses you.
You hit the gnoll.
The gnoll is lightly wounded.
You hit the gnoll but do no damage.
You headbutt the gnoll, but do no damage.
The gnoll is lightly wounded.
The gnoll misses you.
You hit the gnoll.
The gnoll is heavily wounded.
Your transformation is almost over.
The gnoll barely misses you.
You hit the gnoll but do no damage.
The gnoll is heavily wounded.
The gnoll barely misses you.
You barely miss the gnoll.
The gnoll is heavily wounded.
The gnoll hits you with a spear.
You die...

#...# #.....).##......###.
#...# #.......##.....## #.
#...# #.......##....## #.
#...# #.......##..)..## #.
#...####.......##......###.
#......).......##..##...##.
#..........#######.###...#.
#..........#######.# ##....
#.........@.....##.# ##...
#.........g.....##.# ##..
#...............##.#######.
#...............##.##......
##..............##.##.####.
#............##.##.####.
#.......................
#.......................
....####............


You could see a gnoll.

Vanquished Creatures
  A giant gecko (D:1)
  A giant cockroach (D:1)
  3 hobgoblins (D:1)
  4 bats (D:1)
  5 kobolds (D:1)
  A rat (D:1)
15 creatures vanquished.

Notes
Turn   | Place    | Note
--------------------------------------------------------------
     0 | D:1      | ketsa the Merfolk Transmuter began the quest for the Orb.
     0 | D:1      | Reached XP level 1. HP: 15/15 MP: 3/3
   429 | D:1      | Reached XP level 2. HP: 16/21 MP: 5/5
   839 | D:1      | Slain by a gnoll

Action                   || total
-------------------------++-------
Melee: Unarmed           ||    74
 Cast: Beastly Appendage ||     6
